 Dungeon Crawl Stone Soup version 0.30.1-11-g7821555f0a (webtiles) character file.

Game seed: 6762342845008728660

36 Kagerus the Poker (level 3, -5/27 HPs)
             Began as a Merfolk Gladiator on Nov 4, 2023.
             Slain by a gnoll
             ... wielding a +0 halberd
              (13 damage)
             ... on level 2 of the Dungeon.
             The game lasted 00:03:36 (1167 turns).

Kagerus the Poker (Merfolk Gladiator)               Turns: 1167, Time: 00:03:36

Health: -5/27      AC:  4    Str: 14    XL:     3   Next: 37%
Magic:  3/3        EV: 13    Int:  7    God:
Gold:   35         SH:  0    Dex: 17    Spells: 2/2 levels left

rFire   . . .        a - +0 trident
rCold   . . .        (no shield)
rNeg    . . .        b - +0 leather armour
rPois   .            j - +0 helmet
rElec   .            (no cloak)
rCorr   .            (no gloves)
SInv    .            (no boots)
Will    .....        (no amulet)
Stlth   +            (no ring)
HPRegen 0.24/turn    (no ring)
MPRegen 0.08/turn

%: no passive effects
@: no status effects
A: (nimble swimmer 2), mertail
a: no special abilities


You were on level 2 of the Dungeon.
You visited 1 branch of the dungeon, and saw 2 of its levels.

You collected 35 gold pieces.

Inventory:

Hand Weapons
 a - a +0 trident (weapon)
Missiles
 d - 3 throwing nets (quivered)
 e - a javelin
Armour
 b - a +0 leather armour (worn)
 i - a +0 pair of boots
 j - a +0 helmet (worn)
Scrolls
 c - a scroll of noise {unknown}
 h - a scroll of fear {unknown}
 l - a scroll of poison {unknown}
Potions
 f - 2 potions of degeneration {unknown}
 g - a potion of invisibility {unknown}
 k - a potion of heal wounds {unknown}
 m - a potion of haste {unknown}


   Skills:
 - Level 2.1 Fighting
 + Level 5.8 Polearms
 - Level 2.0 Throwing
 - Level 4.0 Dodging


You had 2 spell levels left.
You didn't know any spells.
Your spell library was empty.

Dungeon Overview and Level Annotations

Branches:
Dungeon (2/15)

Altars:


Innate Abilities, Weirdness & Mutations

((You are very nimble when in or above water. (Stealth+, EV+, Speed+++)))
Your lower body shifts to a powerful aquatic tail in water.


Message History

The goblin hits you with a +0 dagger of electrocution.
You are electrocuted!
You hit the goblin.
You kill the goblin!
No target in view!
No target in view!
You start resting.
A worm is nearby!
A worm is nearby!
No target in view!
No target in view!
A gnoll is nearby!
The gnoll shouts!
You reach to attack!
You closely miss the gnoll.
The gnoll hits you from afar with a +0 halberd!
The gnoll barely misses you.
There is a stone staircase leading up here.
The gnoll barely misses you.
You climb upwards.
There is a stone staircase leading down here.
You start resting.
HP restored.
Your library has no spells.
You climb downwards.
The gnoll hits you from afar with a +0 halberd!
There is a stone staircase leading up, spattered with blood here.
You reach to attack!
You hit the gnoll.
The gnoll is heavily wounded.
The gnoll closely misses you.
You reach to attack!
You hit the gnoll.
The gnoll is severely wounded.
The gnoll barely misses you.
You reach to attack!
You barely miss the gnoll.
The gnoll is severely wounded.
The gnoll hits you from afar with a +0 halberd!
* * * LOW HITPOINT WARNING * * *
You are too injured to fight recklessly!
You are too injured to fight recklessly!
The gnoll hits you with a +0 halberd!
You die...

######
#....##########
#....<.........
#...@######....
. ####g# .#
#... #.#
####†#....# #.#
#..).......
#.###.##..)....
#..............
#.#.##.#.......
#......##......
#####...#.###
......


You could see a gnoll.

Vanquished Creatures
  2 dart slugs (D:1)
  3 endoplasms (D:1)
  3 giant cockroaches
  2 goblins
  6 hobgoblins
  2 jackals (D:1)
  A kobold (D:1)
  A quokka (D:1)
  4 ball pythons (D:1)
  2 frilled lizards (D:1)
  2 rats (D:1)
28 creatures vanquished.

Notes
Turn   | Place    | Note
-------+----------+-------------------------------------------
     0 | D:1      | Kagerus the Merfolk Gladiator began the quest for the Orb.
     0 | D:1      | Reached XP level 1. HP: 16/16 MP: 1/1
   174 | D:1      | Reached XP level 2. HP: 22/22 MP: 2/2
   247 | D:1      | Reached skill level 5 in Polearms
   440 | D:1      | Reached XP level 3. HP: 22/27 MP: 3/3
  1167 | D:2      | Slain by a gnoll

Illustrated notes

Levels and vault maps discovered:
D:1:      arrival_zaba_pyramid, layout_basic, feat_on_display
D:2:      layout_rooms, st_stairs_14

Skill      XL: |  1  2 |
---------------+-------+-----
Polearms       | 5 |  5.8
Fighting       | |  2.1
Throwing       | |  2.0
Dodging        | |  4.0

Action                     || total
---------------------------++-------
  Melee: Trident           ||    89
   Stab: Sleeping          ||     4
 Armour: Leather armour    ||    11
  Dodge: Dodged            ||    43
